[Event "WYCC U14 Girls 2019"]
[Site "Mumbai"]
[Date "2019.10.07"]
[Round "7.1"]
[White "Dhyana Patel"]
[Black "Rakshitta Ravi"]
[Result "0-1"]
[ECO "C60"]
[WhiteElo "1995"]
[BlackElo "2310"]
[Annotator "ChessBase"]
[PlyCount "60"]
[EventDate "2019.10.02"]
[EventType "swiss"]
[EventCountry "IND"]
[SourceTitle "playchess.com"]
[Source "ChessBase"]
[SourceQuality "1"]
[TimeControl "40/5400+30:1800+30"]

1. e4 e5 2. Nf3 Nc6 3. Bb5 Nge7 4. O-O a6 5. Bc4 g6 6. Ng5 d5 7. exd5 Na5 8. d3 Nxc4 9. dxc4 Bg7 10. Nc3 O-O 11. Re1 Re8 12. c5 b6 13. cxb6 cxb6 14. d6 Nf5 15. Nge4 h6 16. b3 Nd4 17. Ba3 f5 18. Nd2 Bb7 19. Ne2 Qg5 20. Ng3 h5 21. Bc1 h4 22. Nc4 Qf6 23. Ne2 b5 24. Na5 Be4 25. Nxd4 exd4 26. f3 Bd5 27. Rxe8+ Rxe8 28. Bb2 Qxd6 29. Qd2 h3 30. Rd1 hxg2 0-1

[Event "WYCC U14 Girls 2019"]
[Site "Mumbai"]
[Date "2019.10.07"]
[Round "7.2"]
[White "Nasyrova, Ekaterina"]
[Black "Mungunzul, Bat-Erdene"]
[Result "1-0"]
[ECO "D47"]
[WhiteElo "2137"]
[BlackElo "1912"]
[Annotator "ChessBase"]
[PlyCount "81"]
[EventDate "2019.10.02"]
[EventType "swiss"]
[EventCountry "IND"]
[SourceTitle "playchess.com"]
[Source "ChessBase"]
[SourceQuality "1"]
[TimeControl "40/5400+30:1800+30"]

1. Nf3 d5 2. e3 Nf6 3. c4 c6 4. Nc3 Nbd7 5. d4 e6 6. Bd3 dxc4 7. Bxc4 b5 8. Bd3 Bb7 9. O-O a6 10. e4 c5 11. d5 c4 12. Bc2 Qc7 13. Nd4 Nc5 14. Bg5 O-O-O 15. b4 cxb3 16. axb3 b4 17. Na4 exd5 18. e5 Qxe5 19. Qd2 Bd6 20. g3 Nce4 21. Bxe4 dxe4 22. Bf4 Qe8 23. Rfc1+ Kb8 24. Qxb4 Bxf4 25. Nc6+ Qxc6 26. Rxc6 Bd2 27. Qc4 e3 28. Rb6 exf2+ 29. Kxf2 Rc8 30. Qd4 Rc2 31. Rxb7+ Kxb7 32. Qb6+ Kc8 33. Qxa6+ Kc7 34. Qa7+ Kd8 35. Rd1 Ng4+ 36. Kg2 Ke8 37. Qa8+ Kd7 38. Qe4 h5 39. Nb6+ Kd6 40. Nc4+ Rxc4 41. Rxd2+ {[%emt 0:30:08] Kd5} 1-0

[Event "WYCC U14 Girls 2019"]
[Site "Mumbai"]
[Date "2019.10.07"]
[Round "7.3"]
[White "Roebers, Eline"]
[Black "Ince, Safiye Oyku"]
[Result "1-0"]
[ECO "B42"]
[WhiteElo "2083"]
[BlackElo "1840"]
[Annotator "NA"]
[PlyCount "133"]
[EventDate "2019.10.02"]
[EventType "swiss"]
[EventCountry "IND"]
[SourceTitle "playchess.com"]
[Source "ChessBase"]
[SourceQuality "1"]
[TimeControl "40/5400+30:1800+30"]

1. e4 c5 2. Nf3 e6 3. d4 cxd4 4. Nxd4 a6 5. Bd3 Nc6 6. Nxc6 bxc6 7. Nc3 e5 8. O-O Nf6 {[%emt 0:00:32] B46: Sicilian: Taimanov: 5 Nc3 a6} 9. Bc4 (9. f4 Bd6 10. Qf3 Qc7 11. f5 Bc5+ 12. Kh1 h6 13. Bd2 Bb7 14. Rae1 Kf8 15. Na4 Ba7 16. b3 {½-½ (34) Predojevic,B (2490)-Bologan,V (2665) Sarajevo 2004}) 9... Be7 10. f4 Qb6+ 11. Kh1 d6 12. Qe2 $146 ({Predecessor:} 12. fxe5 dxe5 13. Bg5 Bg4 14. Qe1 Bh5 {1-0 (27) Loutragotis,D (2194)-Georgantas,A (1776) Nikaia 2017}) 12... Bg4 13. Qe3 Qd4 14. Bb3 Qxe3 15. Bxe3 exf4 16. Bxf4 O-O 17. Rae1 Nd7 18. Ne2 Bxe2 19. Rxe2 Ne5 20. Rd2 Ra7 21. c4 c5 22. Bxe5 dxe5 23. Rd5 f6 24. Rfd1 Rb8 25. Rd7 Rbb7 26. R7d2 Rb4 27. Rd7 Rbb7 28. Rxb7 Rxb7 29. Rd2 Kf8 30. Ba4 Rb4 31. b3 Rb6 32. Kg1 Bd6 33. Kf2 Ke7 34. Kf3 Ke6 35. h4 g6 36. h5 g5 37. Kg4 h6 38. Rd3 a5 39. Bb5 f5+ 40. exf5+ Kf6 {[%emt 0:00:08] [#]} 41. Bd7 (41. Kf3 $1 $16) 41... e4 42. Re3 Ke5 43. Be6 Kd4 44. Re1 Bf4 45. Bd5 Be3 $16 {[%emt 0:01:00] [#]} 46. Kh3 (46. Ba8 $1 $16) 46... a4 47. bxa4 Kd3 48. a5 Ra6 49. Bb7 Rxa5 50. f6 Rxa2 51. Rd1+ Ke2 52. f7 Kxd1 53. f8=Q Rf2 54. Qd6+ Rd2 55. Qe6 Rd4 56. Bxe4 Kd2 57. Kg4 Kc3 58. Kf3 Bd2 59. Bd5 Bf4 60. Kg4 Bd2+ 61. Kf5 g4 62. Qe2 Rf4+ 63. Ke5 Rd4 64. Kd6 Kb4 65. Qf1 Bf4+ 66. Kc6 Be3 67. Qe2 1-0

[Event "WYCC U14 Girls 2019"]
[Site "Mumbai"]
[Date "2019.10.07"]
[Round "7.4"]
[White "Divya Deshmukh"]
[Black "Sulyok, Eszter"]
[Result "1-0"]
[ECO "B42"]
[WhiteElo "2358"]
[BlackElo "1893"]
[Annotator "ChessBase"]
[PlyCount "149"]
[EventDate "2019.10.02"]
[EventType "swiss"]
[EventCountry "IND"]
[SourceTitle "playchess.com"]
[Source "ChessBase"]
[SourceQuality "1"]
[TimeControl "40/5400+30:1800+30"]

1. e4 c5 2. Nf3 e6 3. d4 cxd4 4. Nxd4 a6 5. Bd3 Nf6 6. O-O Qc7 7. Qe2 d6 8. c4 g6 9. Nc3 Bg7 10. Be3 O-O 11. f4 Nbd7 12. Rac1 b6 13. b4 Bb7 14. Nb3 Rac8 15. g4 Rfe8 16. g5 Nh5 17. Na4 Qb8 18. Qf2 Ba8 19. c5 dxc5 20. Bxa6 Qa7 21. Bxc8 Rxc8 22. Nc3 cxb4 23. Nb5 Qa6 24. Nc7 Qa7 25. Nxa8 Rxa8 26. Rfd1 Bc3 27. Bd2 Bb2 28. Rc2 Qxa2 29. Nc1 Qa4 30. Bxb4 Bxc1 31. Rcxc1 Qxb4 32. Rxd7 Qxe4 33. Rd4 Qf5 34. Qf3 Rf8 35. Qe3 Ng7 36. h3 b5 37. Kh2 Nh5 38. Rc7 Qb1 39. Rcd7 Qc2+ 40. Rd2 Qf5 41. R7d4 Qc5 42. Qf3 b4 43. Re4 Rb8 44. Qe2 Qc7 45. Rc4 Qa5 46. Rb2 b3 47. Qe3 Qd5 48. Qc3 Qf5 49. Rxb3 Rd8 50. Rbb4 Re8 51. Rc8 Rxc8 52. Qxc8+ Kg7 53. Qc3+ e5 54. Qxe5+ Qxe5 55. fxe5 Kf8 56. Rb7 Nf4 57. Kg3 Ne6 58. Kg4 Kg7 59. Ra7 Kf8 60. h4 Kg7 61. Kf3 Kf8 62. Ke4 Ng7 63. Kd5 Nf5 64. e6 fxe6+ 65. Kxe6 Ng7+ 66. Ke5 Kg8 67. Ra8+ Kf7 68. Rh8 h6 69. Rxh6 Nf5 70. Rh7+ Kg8 71. Ra7 Nxh4 72. Kf6 Kh8 73. Ra4 Nf5 74. Kxg6 Ne7+ 75. Kf7 1-0

[Event "WYCC U14 Girls 2019"]
[Site "Mumbai"]
[Date "2019.10.07"]
[Round "7.5"]
[White "Hakobyan, Astghik"]
[Black "Obada, Ema"]
[Result "1-0"]
[ECO "B40"]
[WhiteElo "1978"]
[BlackElo "1987"]
[Annotator "NA"]
[PlyCount "112"]
[EventDate "2019.10.02"]
[EventType "swiss"]
[EventCountry "IND"]
[SourceTitle "playchess.com"]
[Source "ChessBase"]
[SourceQuality "1"]
[TimeControl "40/5400+30:1800+30"]

1. e4 c5 2. Nf3 e6 3. d3 Nc6 4. g3 g6 5. Bg2 Bg7 6. O-O Nge7 7. Re1 b6 8. Nbd2 O-O 9. Nf1 {A04: Unusual lines after 1 Nf3 and King's Indian Attack} (9. c3 Bb7 10. Nf1 f5 11. Qe2 Qc7 12. e5 Rae8 13. d4 cxd4 14. cxd4 Nb4 15. Ne3 Ned5 16. Rd1 Ba6 {0-1 (58) Kaatiala,P (1998)-Kanarek,M (2505) Katowice 2017}) 9... d5 10. e5 h6 11. h4 b5 $146 ({Predecessor:} 11... f6 12. exf6 Rxf6 13. Ne3 e5 14. c4 Be6 15. cxd5 Nxd5 16. Nc4 Bg4 17. Re4 {1-0 (44) Araujo Sanchez,J (2110)-Arvelo Leo,G (2241) Santiago de los Caballeros 2017}) 12. Bf4 a5 13. Qd2 Kh7 14. g4 Ba6 15. Ng3 b4 16. Kh2 c4 17. d4 c3 18. bxc3 bxc3 19. Qxc3 Rc8 {[#]} 20. Qd2 $1 a4 21. Bf1 Bxf1 22. Nxf1 Na5 23. Ne3 Nc4 24. Nxc4 Rxc4 25. Rec1 (25. c3 $16) 25... Qc7 26. Ne1 Rc8 27. Rab1 Nc6 28. c3 Na7 29. Qd1 Qe7 30. Ng2 Qa3 31. Rb7 R8c7 32. Rxc7 Rxc7 33. Rc2 Rxc3 34. Rxc3 Qxc3 35. Qxa4 Nc6 36. Be3 f6 37. f4 fxe5 38. fxe5 Nb4 39. h5 gxh5 40. gxh5 Nc2 {[#]} 41. Qb3 $1 Qxb3 $16 42. axb3 Bf8 43. Bf2 Kg8 44. Nf4 Kf7 45. Nd3 Ke8 46. Kg3 Kd7 47. Kf3 Kc6 48. Ke2 Na1 49. b4 Nc2 50. Nc5 Nxb4 51. Nxe6 Be7 52. Be3 Kd7 53. Ng7 Nc2 54. Kd3 Nxe3 55. Kxe3 Bg5+ 56. Kf3 Ke7 1-0

[Event "WYCC U14 Girls 2019"]
[Site "Mumbai"]
[Date "2019.10.07"]
[Round "7.6"]
[White "De Rycke, Tyani"]
[Black "Allahverdiyeva, Ayan"]
[Result "0-1"]
[ECO "B26"]
[WhiteElo "1891"]
[BlackElo "2160"]
[Annotator "ChessBase"]
[PlyCount "142"]
[EventDate "2019.10.02"]
[EventType "swiss"]
[EventCountry "IND"]
[SourceTitle "playchess.com"]
[Source "ChessBase"]
[SourceQuality "1"]
[TimeControl "40/5400+30:1800+30"]

1. e4 c5 2. Nc3 Nc6 3. g3 g6 4. Bg2 Bg7 5. d3 d6 6. Be3 e5 7. Qd2 Be6 8. f4 Nge7 9. Nf3 Nd4 10. Ng5 Bd7 11. O-O O-O 12. fxe5 dxe5 13. Nd5 Nxd5 14. exd5 Bh6 15. Ne4 Bxe3+ 16. Qxe3 f5 17. Nxc5 Nxc2 18. Qxe5 Nxa1 19. Rxa1 Re8 20. Qd6 Bc8 21. Qe5 Bd7 22. Qd6 Bc8 23. Qxd8 Rxd8 24. d4 b6 25. Ne6 Rd7 26. a4 a5 27. Rb1 Bb7 28. b4 axb4 29. Rxb4 Rc8 30. Rxb6 Rc1+ 31. Kf2 Rc2+ 32. Kg1 Bxd5 33. Rb8+ Kf7 34. Bxd5 Rxd5 35. Ng5+ Ke7 36. Rb7+ Kd6 37. Rb6+ Kd7 38. Nf3 Ra2 39. Ra6 g5 40. Ra7+ Kc8 41. Rxh7 g4 42. Rh8+ Kc7 43. Rh7+ Kb6 44. Rh6+ Ka5 45. Ne5 Rxa4 46. Rh8 Kb6 47. Rh6+ Kb5 48. Nc6 Ra2 49. Rf6 Kc4 50. Re6 Rb5 51. Re1 Rbb2 52. Rc1+ Kb5 53. d5 Rg2+ 54. Kf1 Rxh2 55. Nd4+ Kb6 56. Rb1+ Kc5 57. Ne6+ Kd6 58. Kg1 Rag2+ 59. Kf1 Rxg3 60. Rb5 Ra3 61. Kg1 Rc2 62. Rb1 Kxd5 63. Nf4+ Ke4 64. Ne6 Rg3+ 65. Kf1 Rf3+ 66. Kg1 Rff2 67. Re1+ Rce2 68. Rd1 Rg2+ 69. Kf1 Ref2+ 70. Ke1 Ke3 71. Ra1 Rg1# 0-1

[Event "WYCC U14 Girls 2019"]
[Site "Mumbai"]
[Date "2019.10.07"]
[Round "7.7"]
[White "Cai, Boheng"]
[Black "Wikar, Martyna"]
[Result "1/2-1/2"]
[ECO "E67"]
[WhiteElo "1853"]
[BlackElo "1969"]
[Annotator "NA"]
[PlyCount "95"]
[EventDate "2019.10.02"]
[EventType "swiss"]
[EventCountry "IND"]
[SourceTitle "playchess.com"]
[Source "ChessBase"]
[SourceQuality "1"]
[TimeControl "40/5400+30:1800+30"]

1. d4 Nf6 2. c4 d6 3. Nf3 Nbd7 4. g3 g6 5. Bg2 Bg7 6. O-O O-O 7. Nc3 e5 8. d5 a5 9. e4 Nc5 10. Qc2 Ne8 {E67: King's Indian: Fianchetto: 6...Nbd7} (10... Nh5 11. Be3 f5 12. exf5 Bxf5 13. Qd2 b6 14. Ng5 Nf6 15. Bxc5 bxc5 16. Bh3 Bxh3 17. Nxh3 Qd7 18. Kg2 Qg4 19. f4 Nh5 20. Rae1 exf4 21. Nxf4 Bh6 22. Nce2 Rae8 23. Qxa5 Bxf4 24. Nxf4 Rxe1 {0-1 (24) Golubov,S (2481)-Gupta,A (2637) Abu Dhabi 2016}) 11. Ne1 f5 12. Nd3 Nxd3 13. Qxd3 f4 14. f3 g5 15. g4 $146 ({Predecessor:} 15. Bd2 Nf6 16. Nb5 Rf7 17. Rf2 fxg3 18. hxg3 {1-0 (56) Kulakli,A-Zeytinoglu,N (1928) Kemer 2011}) 15... Qf6 16. h3 Kf7 17. Bd2 h5 18. Kf2 Qg6 19. Ke2 Bd7 20. b3 Rh8 21. Rh1 Bf6 22. a3 Be7 23. Raf1 Qg8 24. Nd1 Nf6 25. Nf2 Qb8 26. a4 Qa7 27. Bc1 Qb6 28. Qc3 c6 29. dxc6 bxc6 30. Ba3 Rab8 31. Rb1 c5 32. Rhd1 Qc7 33. Qd3 Bc6 $17 34. Rd2 Qb7 35. Rbb2 Ne8 36. Qc3 Qc7 37. Ra2 Ng7 38. Bb2 Ne6 39. Qc2 Qb6 40. Rd3 Ba8 41. Ra3 Qb4 42. Ra1 Nd4+ 43. Bxd4 cxd4 44. Rb1 Rhc8 45. Rdd1 hxg4 46. fxg4 Qb6 47. Rdc1 Qd8 48. Qd2 1/2-1/2

[Event "WYCC U14 Girls 2019"]
[Site "Mumbai"]
[Date "2019.10.07"]
[Round "7.8"]
[White "Ghomi, Parnian"]
[Black "Chinnam Vyshnavi"]
[Result "1-0"]
[ECO "A08"]
[WhiteElo "1948"]
[BlackElo "1745"]
[Annotator "NA"]
[PlyCount "65"]
[EventDate "2019.10.02"]
[EventType "swiss"]
[EventCountry "IND"]
[SourceTitle "playchess.com"]
[Source "ChessBase"]
[SourceQuality "1"]
[TimeControl "40/5400+30:1800+30"]

1. e4 e6 2. d3 d5 3. Nd2 Nf6 4. Ngf3 c5 5. g3 Nc6 6. Bg2 Be7 7. O-O O-O 8. Re1 b5 9. e5 Nd7 10. Nf1 a5 11. h4 Ba6 12. N1h2 Rc8 13. h5 d4 (13... h6 $15) 14. Ng4 c4 ({Black should try} 14... a4 $14) 15. a3 Nc5 16. Bf1 Rc7 17. Bf4 Rd7 (17... cxd3 $11 {remains equal.} 18. Bxd3 h6) 18. Qd2 Na4 $18 (18... h6 $11) 19. h6 c3 20. bxc3 dxc3 21. Qc1 Nd4 22. Nxd4 Rxd4 23. hxg7 Re8 24. Qd1 Kxg7 25. Be3 Rd7 26. Bg2 Bb7 27. Bxb7 Rxb7 28. Qf3 Qd5 29. Qf4 Rg8 30. Nf6 Bxf6 31. Qh6+ Kh8 32. Qxf6+ Rg7 33. Bh6 1-0

[Event "WYCC U14 Girls 2019"]
[Site "Mumbai"]
[Date "2019.10.07"]
[Round "7.9"]
[White "Ishvi Aggarwal"]
[Black "Velpula Sarayu"]
[Result "0-1"]
[ECO "E62"]
[WhiteElo "1935"]
[BlackElo "1717"]
[Annotator "NA"]
[PlyCount "112"]
[EventDate "2019.10.02"]
[EventType "swiss"]
[EventCountry "IND"]
[SourceTitle "playchess.com"]
[Source "ChessBase"]
[SourceQuality "1"]
[TimeControl "40/5400+30:1800+30"]

1. d4 Nf6 2. c4 g6 3. g3 Bg7 4. Bg2 O-O 5. Nc3 d6 6. Nf3 c6 7. O-O Qa5 8. e4 Bg4 9. Be3 {[%emt 0:02:25] E62: King's Indian: Fianchetto: 6...c6 and Panno Variation (6...Nc6) without ...a6} (9. h3 Bxf3 10. Bxf3 Nbd7 11. Be3 c5 12. Rc1 cxd4 13. Bxd4 Bh6 14. Bxf6 Nxf6 15. Rc2 Rac8 16. b3 Rfe8 17. Qe2 Nd7 18. e5 Nxe5 19. Bxb7 Rc7 {½-½ (122) Cordova,E (2597)-Gabuzyan,H (2605) Burlingame 2019}) 9... Qh5 10. Bf4 e5 11. Be3 $146 ({Predecessor:} 11. dxe5 dxe5 12. Bc1 Na6 13. Qe2 h6 14. Qe3 Be6 15. b3 Nb4 16. Qe2 Rfd8 {½-½ (41) Hoffmann,H (2195)-Gerstenberger,H (2215) Wuerttemberg 1996}) 11... h6 12. Qe2 Nh7 13. dxe5 dxe5 14. c5 Kh8 15. Bc1 Nd7 16. Nd1 Nxc5 17. Ne3 Bh3 18. Qc4 Ne6 19. b3 Bxg2 20. Kxg2 Nf4+ 21. gxf4 exf4 22. Rb1 fxe3 23. fxe3 Qg4+ 24. Kh1 Rae8 25. Ba3 Rg8 26. e5 Qxc4 27. bxc4 b6 28. c5 Bf8 29. Nd4 Rxe5 30. Nxc6 Rxe3 31. Bb2+ f6 32. cxb6 axb6 33. Bd4 Ra3 34. Rxb6 Rxa2 35. Bxf6+ Nxf6 36. Rxf6 Bc5 37. Rb7 Re8 38. Rb8 Rxb8 39. Nxb8 Kg7 40. Rc6 Be3 41. Rc7+ Kf6 $17 42. Nd7+ Kf5 43. Rc6 Bf4 44. Rf6+ Kg4 45. Rxg6+ Kf3 46. Nb6 Rxh2+ 47. Kg1 Rb2 48. Kh1 Rb1+ 49. Rg1 Rxb6 50. Rf1+ Kg4 51. Kg2 h5 52. Rf2 h4 53. Rf1 Rb2+ 54. Kg1 Be3+ 55. Kh1 Re2 56. Ra1 Kh3 0-1

[Event "WYCC U14 Girls 2019"]
[Site "Mumbai"]
[Date "2019.10.07"]
[Round "7.10"]
[White "Renganayaki V"]
[Black "Lhotska, Anna"]
[Result "1/2-1/2"]
[ECO "E19"]
[WhiteElo "1641"]
[BlackElo "1897"]
[Annotator "NA"]
[PlyCount "105"]
[EventDate "2019.10.02"]
[EventType "swiss"]
[EventCountry "IND"]
[SourceTitle "playchess.com"]
[Source "ChessBase"]
[SourceQuality "1"]
[TimeControl "40/5400+30:1800+30"]

1. d4 Nf6 2. c4 e6 3. Nf3 b6 4. g3 Bb7 5. Bg2 Be7 6. O-O O-O 7. Nc3 Ne4 8. Qc2 Nxc3 9. Qxc3 c5 10. Qd3 d6 {[%emt 0:05:03] E19: Queen's Indian: Old Main Line with 7...Ne4 8 Qc2 Nxc3 8 Qxc3} (10... Nc6 11. dxc5 bxc5 12. Rd1 d6 13. Bd2 a5 14. Bc3 Qb6 15. h4 h6 16. Qd2 e5 17. Nh2 f5 18. Nf1 f4 19. Qd3 Nd4 20. Bxb7 Qxb7 {0-1 (28) Iskandarov,M (2403)-Abasov,N (2516) Baku 2014}) 11. Ng5 Bxg5 12. Bxg5 $2 $146 ({Predecessor:} 12. Bxb7 $18 Bxc1 13. Raxc1 (13. Bxa8 Bxb2 {[%mdl 64] Double Attack} 14. Rab1 Bxd4 $14) 13... Nd7 14. Bxa8 Qxa8 15. dxc5 Nxc5 16. Qxd6 Qe4 17. b4 Na4 18. Qd7 Nb2 19. c5 Qxe2 20. c6 Qb5 21. Qd6 Nc4 22. Qd3 {1-0 (22) Andersson,T (2314)-Johansson,L (2279) Falun 2012}) 12... Qc7 13. d5 e5 14. Be4 h6 15. Bd2 Nd7 16. f4 (16. a4 $16) 16... a6 17. Bf5 Rfe8 18. Bc3 b5 19. b3 Re7 20. Rf2 Rae8 21. e4 b4 22. Bb2 a5 23. Raf1 Qb8 24. Bxd7 Rxd7 25. f5 f6 26. h4 Kf7 27. g4 Ke7 28. Rg2 Rdd8 29. Rf3 Kd7 30. Rfg3 Kc7 31. g5 hxg5 32. hxg5 Rd7 33. gxf6 gxf6 34. Rg6 Rf7 35. Qg3 Qd8 36. Bc1 Bc8 37. Bh6 Rh8 38. Rg7 Qe8 39. Qg6 Rhf8 40. Qxf6 Bd7 41. Qg6 Rxg7 42. Qxg7 Rf7 43. Qg6 Qe7 44. Bg5 Qf8 45. Bh6 $11 (45. Kf1 $18) 45... Qe7 46. Bg5 Qf8 47. f6 Be8 48. Qf5 Bd7 49. Qf2 Qh8 50. Rh2 Qg8 51. Rg2 Qh7 52. Qh4 Qg6 53. Qe1 1/2-1/2

[Event "WYCC U14 Girls 2019"]
[Site "Mumbai"]
[Date "2019.10.07"]
[Round "7.11"]
[White "Poliakova, Varvara"]
[Black "Bhagyashree Patil"]
[Result "1-0"]
[ECO "C97"]
[WhiteElo "2042"]
[BlackElo "1802"]
[Annotator "NA RC"]
[PlyCount "71"]
[EventDate "2019.10.02"]
[EventType "swiss"]
[EventCountry "IND"]
[SourceTitle "playchess.com"]
[Source "ChessBase"]
[SourceQuality "1"]
[TimeControl "40/5400+30:1800+30"]

1. e4 e5 2. Nf3 Nc6 3. Bb5 a6 4. Ba4 Nf6 5. O-O Be7 6. Re1 b5 7. Bb3 d6 8. c3 O-O 9. h3 Na5 10. Bc2 c5 11. d4 Qc7 12. d5 c4 13. b4 cxb3 {C97: Closed Ruy Lopez: Chigorin Defence: 11 d4 Qc7, sidelines} 14. axb3 Bd7 15. Ba3 Bd8 16. Nbd2 Qb8 17. Nf1 (17. b4 Nc4 18. Nxc4 bxc4 19. Ba4 Bb5 20. Bc1 h6 21. Nh4 Bxa4 22. Rxa4 Nxd5 23. exd5 Bxh4 {1-0 (53) Robson,R (2644)-Sevian,S (2615) Saint Louis 2017}) 17... Bb6 18. Ng3 $146 ({Predecessor:} 18. Ne3 Rc8 19. g4 Nb7 20. Bb2 {½-½ (43) Ljubas,A (2099)-Dumpor,A (2399) Omis 2007}) 18... g6 19. Qd2 Ne8 20. h4 f6 21. h5 Rf7 22. hxg6 hxg6 23. Nh4 Rg7 24. Qh6 Kf7 $18 (24... Rh7 $11 25. Qxg6+ Rg7) 25. Bd1 Nc7 26. Bxd6 Qg8 27. Qd2 Rh7 28. Nf3 Nb7 29. Ba3 a5 30. Be2 Qg7 31. d6 Ne6 32. Qd5 Rb8 33. Bxb5 Nbc5 34. Bxc5 Bxb5 35. Bxb6 Rxb6 36. Rxa5 1-0

[Event "WYCC U14 Girls 2019"]
[Site "Mumbai"]
[Date "2019.10.07"]
[Round "7.12"]
[White "Ray, Hiya"]
[Black "Omonova, Umida"]
[Result "0-1"]
[ECO "A52"]
[WhiteElo "1596"]
[BlackElo "2078"]
[Annotator "NA"]
[PlyCount "122"]
[EventDate "2019.10.02"]
[EventType "swiss"]
[EventCountry "IND"]
[SourceTitle "playchess.com"]
[Source "ChessBase"]
[SourceQuality "1"]
[TimeControl "40/5400+30:1800+30"]

1. d4 Nf6 2. c4 e5 3. dxe5 Ng4 4. Bf4 Nc6 5. Nf3 Bb4+ 6. Nbd2 Qe7 7. e3 Ngxe5 8. Nxe5 Nxe5 9. Be2 O-O 10. O-O Ng6 11. Bg3 Bd6 12. Bxd6 Qxd6 13. Nb3 {[%emt 0:00:12] A52: Budapest Gambit} Qe7 14. Nd4 $146 ({Predecessor:} 14. c5 Rd8 15. Rc1 d6 16. c6 b6 17. Nd4 Rf8 18. Rc3 Nh4 19. f4 a5 20. Qd2 g6 {½-½ (58) Belakovskaia,A (2315)-Blatny,P (2515) New York 1996}) 14... d6 15. Bg4 Ne5 16. Bxc8 Raxc8 17. Qe2 f5 18. Nf3 Ng6 19. Qd2 Kh8 20. Rfe1 Rce8 21. Qd4 b6 22. Rad1 a5 23. a3 Rf6 24. b4 axb4 25. axb4 Re6 26. Qc3 h6 27. Nd4 Rf6 28. Rc1 Ne5 $11 29. c5 bxc5 30. bxc5 dxc5 31. Qxc5 Qxc5 32. Rxc5 Nd3 33. Rec1 Nxc5 34. Rxc5 f4 35. Rxc7 fxe3 36. fxe3 Rxe3 37. h3 Rg6 38. Kh2 Re4 39. Nf5 Re2 40. Nh4 Rg5 41. Rc8+ Kh7 42. Rc7 Re4 43. Nf3 Rd5 44. Rc2 Rd6 45. Kg3 g5 46. Rc5 Rg6 47. Ne5 Rg7 48. Ng4 Re6 49. Ne5 h5 50. Nf3 Kh6 51. Rc8 h4+ 52. Kh2 Re2 53. Nd4 Rf2 54. Ne6 Re7 55. Rh8+ Kg6 56. Nd4 Re4 57. Nf3 Ree2 58. Nd4 Rxg2+ 59. Kh1 Rh2+ 60. Kg1 Reg2+ 61. Kf1 Rb2 0-1

[Event "WYCC U14 Girls 2019"]
[Site "Mumbai"]
[Date "2019.10.09"]
[Round "8.1"]
[White "Rakshitta Ravi"]
[Black "Nasyrova, Ekaterina"]
[Result "1/2-1/2"]
[ECO "C67"]
[WhiteElo "2310"]
[BlackElo "2137"]
[Annotator "ChessBase"]
[PlyCount "59"]
[EventDate "2019.10.02"]
[EventType "swiss"]
[EventCountry "IND"]
[SourceTitle "playchess.com"]
[Source "ChessBase"]
[SourceQuality "1"]
[TimeControl "40/5400+30:1800+30"]

1. e4 e5 2. Nf3 Nc6 3. Bb5 Nf6 4. O-O Nxe4 5. d4 Nd6 6. dxe5 Nxb5 7. a4 d6 8. e6 Bxe6 9. axb5 Ne5 10. Nd4 Be7 11. f4 Nc4 12. Nc3 Nb6 13. Nxe6 fxe6 14. Qg4 Qd7 15. Qxg7 O-O-O 16. Rxa7 Kb8 17. Ra2 d5 18. Qd4 Rhf8 19. Be3 Bf6 20. Qb4 Qg7 21. Rfa1 Rg8 22. g3 Kc8 23. Ra7 d4 24. Ne4 Be7 25. Qb3 dxe3 26. Qxe6+ Kb8 27. Qa2 Kc8 28. Qe6+ Kb8 29. Qa2 Kc8 30. Qe6+ 1/2-1/2

[Event "WYCC U14 Girls 2019"]
[Site "Mumbai"]
[Date "2019.10.09"]
[Round "8.2"]
[White "Hakobyan, Astghik"]
[Black "Roebers, Eline"]
[Result "1/2-1/2"]
[ECO "B48"]
[WhiteElo "1978"]
[BlackElo "2083"]
[Annotator "NA"]
[PlyCount "69"]
[EventDate "2019.10.02"]
[EventType "swiss"]
[EventCountry "IND"]
[SourceTitle "playchess.com"]
[Source "ChessBase"]
[SourceQuality "1"]
[TimeControl "40/5400+30:1800+30"]

1. e4 c5 2. Nf3 e6 3. d4 cxd4 4. Nxd4 Nc6 5. Nc3 Qc7 6. Be3 a6 ({Predecessor:} 6... Nf6 7. Qd2 {0-1 (46) Mischuk,D (2361)-Simantsev,M (2465) Cheliabinsk 2016}) 7. Qd2 Nf6 8. O-O-O Be7 {[%emt 0:00:29] B48: Sicilian: Taimanov: 5 Nc3 Qc7 6 Be3 a6 without Be2} 9. f3 b5 10. g4 Nxd4 11. Bxd4 Bb7 12. g5 $146 (12. Kb1 O-O 13. Rg1 Rac8 14. h4 Rfd8 15. Bh3 Ne8 16. g5 {½-½ (30) Dominguez Perez,L (2739)-Shankland,S (2731) Saint Louis 2019}) 12... Nh5 13. Be5 Qxe5 14. Qxd7+ Kf8 15. Qxb7 Qb8 16. Rd7 Qxb7 17. Rxb7 h6 18. a4 hxg5 19. axb5 axb5 20. Bxb5 Bd6 21. Kb1 Rb8 22. Rd7 $19 (22. Rxb8+ $14 {keeps the upper hand.} Bxb8 23. h4) 22... Be5 23. Rhd1 Nf6 24. Rd8+ Ke7 25. Rxh8 Rxh8 26. Na4 Bxh2 27. c4 Rd8 28. Rxd8 Kxd8 29. c5 g4 30. fxg4 Nxe4 31. b4 Bg3 32. Bc6 f5 33. gxf5 exf5 34. Bxe4 fxe4 35. Nc3 1/2-1/2

[Event "WYCC U14 Girls 2019"]
[Site "Mumbai"]
[Date "2019.10.09"]
[Round "8.3"]
[White "Velpula Sarayu"]
[Black "Divya Deshmukh"]
[Result "1-0"]
[ECO "A48"]
[WhiteElo "1717"]
[BlackElo "2358"]
[Annotator "ChessBase"]
[PlyCount "119"]
[EventDate "2019.10.02"]
[EventType "swiss"]
[EventCountry "IND"]
[SourceTitle "playchess.com"]
[Source "ChessBase"]
[SourceQuality "1"]
[TimeControl "40/5400+30:1800+30"]

1. d4 Nf6 2. Nf3 g6 3. Bf4 Bg7 4. c3 b6 5. e3 d6 6. h3 Bb7 7. Nbd2 Nbd7 8. Bc4 O-O 9. O-O c5 10. Bh2 Qe8 11. Qe2 e5 12. dxe5 Nxe5 13. Nxe5 dxe5 14. Bb5 Qe7 15. Ba6 Bc6 16. Bb5 Bb7 17. Ba6 Bxa6 18. Qxa6 Nh5 19. a4 Rab8 20. Rad1 f5 21. Rfe1 g5 22. Qe2 Nf6 23. Nc4 Ne8 24. Qd3 Rf7 25. Qd5 Nc7 26. Qc6 g4 27. hxg4 fxg4 28. Qe4 h5 29. Rd2 Qe6 30. Rd6 Qf5 31. Qxf5 Rxf5 32. Rd7 Ne8 33. Rxa7 Bf6 34. Ra6 Bh4 35. Re2 Rd8 36. g3 Rd1+ 37. Kg2 Bd8 38. e4 Rg5 39. Rd2 Rxd2 40. Nxd2 Rg7 41. Ra8 Rd7 42. Nc4 Nc7 43. Rc8 Ne6 44. Nxb6 Rd1 45. Nc4 Kg7 46. Nxe5 Ng5 47. Nc6 Bb6 48. Ne5 Nxe4 49. Nc4 Bd8 50. a5 Bxa5 51. Nxa5 Ng5 52. Rxc5 Nf3 53. Rxh5 Kg6 54. Rh8 Kg7 55. Rh4 Ne1+ 56. Kf1 Nf3+ 57. Ke2 Re1+ 58. Kd3 Ne5+ 59. Kc2 Re2+ 60. Kb3 1-0

[Event "WYCC U14 Girls 2019"]
[Site "Mumbai"]
[Date "2019.10.09"]
[Round "8.4"]
[White "Allahverdiyeva, Ayan"]
[Black "Ghomi, Parnian"]
[Result "1-0"]
[ECO "C05"]
[WhiteElo "2160"]
[BlackElo "1948"]
[Annotator "ChessBase"]
[PlyCount "79"]
[EventDate "2019.10.02"]
[EventType "swiss"]
[EventCountry "IND"]
[SourceTitle "playchess.com"]
[Source "ChessBase"]
[SourceQuality "1"]
[TimeControl "40/5400+30:1800+30"]

1. e4 e6 2. d4 d5 3. Nd2 Nf6 4. Bd3 c5 5. c3 cxd4 6. cxd4 dxe4 7. Nxe4 Nxe4 8. Bxe4 Bb4+ 9. Bd2 Bxd2+ 10. Qxd2 O-O 11. Ne2 Nd7 12. O-O Nf6 13. Bf3 Qb6 14. Rac1 Rd8 15. Rc4 Rb8 16. Qc3 Bd7 17. Rc1 Bb5 18. Rb4 a5 19. Rb3 Qa6 20. Qc7 b6 21. Qe5 Bc4 22. Rbc3 Bd5 23. Rb3 Bc4 24. Rbc3 Bd5 25. Nf4 Bxf3 26. Rxf3 Rbc8 27. Re1 Qc4 28. Rc3 Qa6 29. Rg3 Kh8 30. Rxg7 Kxg7 31. Qg5+ Kf8 32. Qxf6 Rd6 33. d5 Kg8 34. Qg5+ Kf8 35. dxe6 fxe6 36. Nxe6+ Rxe6 37. Rxe6 Qd3 38. Rf6+ Ke8 39. Qg8+ Kd7 40. Qg7+ 1-0